AoeStats
← HenryDxebec

Arabian Desert

509422120Analyzed
1v1 RM · 4d ago on Sep 26, 2026· 24m 19s· 2 players
Game mode
Random Map
Map size
Tiny (2 player)
Population
200
Speed
Normal
Resources
Standard
Victory
Conquest
Starting age
Dark Age
Ending age
Imperial Age
RankedLock teamsTeams togetherTeam positionsShared explorationLock speedFull tech treeHidden civsTurbo modeCheats
Victory
Defeat
🇩🇪 Malay · Germany
683
+17
🇨🇱 Teutons · Chile
701
-17
Otto
10:36 Feudal Age
10:48 Man-at-Arms
14:03 Forging
15:19 Double-Bit Axe
17:16 Horse Collar
22:18 Castle Age
21:19 Scale Barding Armor
22:39 Gold Mining
22:46 Long Swordsman
24:38 Iron Casting
HenryDxebec
10:20 Feudal Age
11:08 Horse Collar
11:15 Double-Bit Axe
18:22 Man-at-Arms
19:41 Stone Mining
21:28 Gold Mining
25:04 Wheelbarrow
Connection lost

Rejoining the realm…

Still unreachable

The connection could not be restored.

Session expired

The server has moved on; the page needs a fresh start.